[Event "Early-Titled-Tuesday-Blitz-January-30-2024"]
[Site "Chess.com"]
[Date "2024.01.30"]
[Round "6"]
[White "Glidzhian_Gor"]
[Black "Resignify"]
[Result "1-0"]
[WhiteElo "2569"]
[BlackElo "2274"]
[TimeControl "180+1"]
[EndTime "9:04:49 PST"]
[Termination "Glidzhian_Gor won by resignation"]

1. e4 d6 2. d4 Nf6 3. Nc3 g6 4.
Nf3 Bg7 5. h4 h5 6. Bg5 Bg4 7.
Qd2 Bxf3 8. gxf3 Nc6 9. d5 Ne5 10. Be2 c6 11. f4 Ned7 12. dxc6 bxc6 13. O-O-O Qa5 14. Bc4 Rb8 15. Bb3 Nc5 16. e5 Nxb3+ 17. cxb3 dxe5 18. fxe5 Qxe5 19. Bf4 1-0

[Event "Early-Titled-Tuesday-Blitz-January-30-2024"]
[Site "Chess.com"]
[Date "2024.01.30"]
[Round "6"]
[White "chedimir"]
[Black "DrCeltic"]
[Result "1-0"]
[WhiteElo "2471"]
[BlackElo "2536"]
[TimeControl "180+1"]
[EndTime "9:04:59 PST"]
[Termination "chedimir won by resignation"]

1. e4 c5 2. Nf3 e6 3. d4 cxd4 4. Nxd4 Nf6 5. Nc3 d6 6. Be3 a6 7. f4 b5 8. e5 Nfd7 9. Qf3 d5 10.
O-O-O Nb6 11. f5 Be7 12. fxe6 Bxe6 13. Nxe6 fxe6 14. Qg4 b4 15. Qxe6 bxc3 16. Bxb6 cxb2+ 17. Kb1 Qd7 18. Qxd5 Qxd5 19. Rxd5 Nd7 20. Bd4 Rc8 21. Bxa6 Rc7 22. Bb5 Rf8 23. e6 1-0

[Event "Early-Titled-Tuesday-Blitz-January-30-2024"]
[Site "Chess.com"]
[Date "2024.01.30"]
[Round "6"]
[White "Harry_Rakkel"]
[Black "Chessdreamer2020"]
[Result "1-0"]
[WhiteElo "2717"]
[BlackElo "2554"]
[TimeControl "180+1"]
[EndTime "9:05:02 PST"]
[Termination "Harry_Rakkel won by resignation"]

1. e4 c6 2. d4 d5 3. exd5 cxd5 4.
Bd3 Nc6 5. c3 Nf6 6. Bf4 g6 7.
Nf3 Bg4 8. O-O e6 9. Nbd2 Bd6 10.
Bg3 Kf8 11. Re1 Kg7 12. Qe2 a6 13. Qe3 h6 14. Ne5 Bf5 15. Bxf5 gxf5 16. Nxf7 Kxf7 17. Qxe6+ Kg7 18. Qxd6 Qxd6 19. Bxd6 Ne4 20. Nxe4 fxe4 21. Re3 Kf7 22. Rae1 b5 23. f3 Na5 24. b3 Rac8 25.
fxe4 dxe4 26. Rxe4 Rxc3 27. Bb4 Rc2 28. Bxa5 Rg8 29.
Rf4+ 1-0

[Event "Early-Titled-Tuesday-Blitz-January-30-2024"]
[Site "Chess.com"]
[Date "2024.01.30"]
[Round "6"]
[White "Shodikulov_Jamshid1990"]
[Black "Horokoskii"]
[Result "1-0"]
[WhiteElo "2400"]
[BlackElo "2154"]
[TimeControl "180+1"]
[EndTime "9:05:07 PST"]
[Termination "Shodikulov_Jamshid1990 won by resignation"]

1. e4 e6 2. d4 d5 3. Nd2 Nc6 4. Ngf3 Nf6 5. e5 Nd7 6. Bb5 a6 7. Bxc6 bxc6 8. O-O c5 9. c4 Nb6 10. b3 Bb7 11. Bb2 dxc4 12. bxc4 cxd4 13. Nxd4 Bc5 14. N4b3 Bb4 15. a3 Be7 16. Na5 Bc8 17. Qc2 O-O 18.
Rad1 Qe8 19. c5 Na4 20. Bd4 Qb5 21. Nab3 Bb7 22. Rb1 Qc6 23. f3 Qd5 24. Rfd1 Rfd8 25. Ne4 a5 26. Bf2 Qc6 27. Nd4 Qe8 28. Rxb7 1-0

[Event "Early-Titled-Tuesday-Blitz-January-30-2024"]
[Site "Chess.com"]
[Date "2024.01.30"]
[Round "6"]
[White "familijatop71"]
[Black "Predator0608"]
[Result "0-1"]
[WhiteElo "2250"]
[BlackElo "2474"]
[TimeControl "180+1"]
[EndTime "9:05:14 PST"]
[Termination "Predator0608 won by resignation"]

1. e4 e6 2. d4 d5 3. e5 c5 4. c3 Nc6 5. Nf3 Qb6 6. Na3 cxd4 7. cxd4 Bxa3 8. bxa3 Nge7 9. Bd3 Bd7 10. Rb1 Qa5+ 11. Bd2 Qxa3 12. Rb3 Qxa2 13. Rxb7 Rb8 14. Rxb8+ Nxb8 15. O-O O-O 16. Bxh7+ Kxh7 17. Ng5+ Kg8 18. Qh5 Qc2 19. Bb4 Nbc6 20. Bc5 Qg6 21. Qh4 Rb8 22. Ra1 Qb1+ 0-1

[Event "Early-Titled-Tuesday-Blitz-January-30-2024"]
[Site "Chess.com"]
[Date "2024.01.30"]
[Round "6"]
[White "Arimin1329"]
[Black "DestroyerJohny"]
[Result "1-0"]
[WhiteElo "2408"]
[BlackElo "2237"]
[TimeControl "180+1"]
[EndTime "9:05:20 PST"]
[Termination "Arimin1329 won by resignation"]

1. Nf3 d5 2. g3 Nf6 3. Bg2 c5 4. O-O Nc6 5. d4 e6 6. c4 dxc4 7. Ne5 Bd7 8. Nxc6 Bxc6 9. Bxc6+ bxc6 10. dxc5 Qxd1 11. Rxd1 Bxc5 12. Bd2 Rb8 13. Bc3 O-O 14. Nd2 Nd5 15. Be5 Rb4 16. a3 Ra4 17. Rac1 f6 18.
Bf4 e5 19. e4 c3 20. exd5 cxb2 21. Rxc5 exf4 22. dxc6 Rxa3 23. c7 Ra1 24. Rb1 Rc8 25. Kg2 fxg3 26. hxg3 a5 27. Rxb2 a4 28. Rb8 1-0

[Event "Early-Titled-Tuesday-Blitz-January-30-2024"]
[Site "Chess.com"]
[Date "2024.01.30"]
[Round "6"]
[White "esrosenberg"]
[Black "MoreChessJulia"]
[Result "1-0"]
[WhiteElo "2397"]
[BlackElo "2136"]
[TimeControl "180+1"]
[EndTime "9:05:30 PST"]
[Termination "esrosenberg won by resignation"]

1. c4 c5 2. g3 Nc6 3. Bg2 g6 4.
Nc3 Bg7 5. a3 d6 6. Nf3 Nf6 7. O-O O-O 8. d3 e6 9. Rb1 a6 10. b4 Rb8 11. bxc5 dxc5 12. Bf4 Ra8 13. Na4 Qe7 14. Nb6 Ra7 15. Ne5 Nxe5 16. Bxe5 Nd7 17.
Bxg7 Kxg7 18. Nxc8 Rxc8 19. Rxb7 Rxb7 20. Bxb7 Rb8 21.
Bxa6 Ra8 22. Qa1+ f6 23. Bb7 Ra7 24. Bg2 e5 25. Rb1 Nf8 26. Bd5 Ne6 27. Bxe6 Qxe6 28. a4 Qc6 29. Rb5 Kf7 30. Qa3 Rc7 31. a5 Ke7 32.
Rb6 1-0

[Event "Early-Titled-Tuesday-Blitz-January-30-2024"]
[Site "Chess.com"]
[Date "2024.01.30"]
[Round "6"]
[White "Alimpic"]
[Black "Ati1517"]
[Result "1-0"]
[WhiteElo "2512"]
[BlackElo "2235"]
[TimeControl "180+1"]
[EndTime "9:05:31 PST"]
[Termination "Alimpic won by resignation"]

1. d4 Nf6 2. c4 g6 3. Nc3 Bg7 4. e4 d6 5. Nf3 O-O 6. Be2 e5 7.
Be3 Nc6 8. d5 Ne7 9. Nd2 Nd7 10.
O-O f5 11. f3 f4 12. Bf2 g5 13. b4 Nf6 14. c5 Ng6 15. Nc4 h5 16. h3 h4 17.
cxd6 cxd6 18. Nb5 Nh5 19. Nbxd6 Bd7 20. Nxb7 Qc7 21. Nc5 Bc8 22. d6 Qc6 23. Na5 Qb6 24. Qd5+ Kh7 25. Qxa8 Bxh3 26. Qb7 Qd8 27. gxh3 g4 28.
hxg4 Ng3 29. Bxg3 hxg3 30. Qxg7+ Kxg7 31. Ne6+ Kf6 32. Nxd8 Rxd8 33. Rfd1 Nh4 34. d7 g2 35. Nc6 Rh8 36. d8=Q+ 1-0

[Event "Early-Titled-Tuesday-Blitz-January-30-2024"]
[Site "Chess.com"]
[Date "2024.01.30"]
[Round "6"]
[White "Skatchkov_V"]
[Black "MightyGMpretender"]
[Result "0-1"]
[WhiteElo "2614"]
[BlackElo "2826"]
[TimeControl "180+1"]
[EndTime "9:05:32 PST"]
[Termination "MightyGMpretender won by resignation"]

1. d4 Nf6 2. c4 e6 3. Nf3 d5 4. g3 Bb4+ 5. Nbd2 Be7 6. Bg2 O-O 7. O-O c6 8. Qc2 b6 9. e4 Bb7 10. Rd1 Na6 11. b3 Rc8 12. Bb2 Re8 13. Rac1 c5 14.
exd5 exd5 15. Qf5 dxc4 16. Nxc4 Be4 17. Qh3 Qc7 18. dxc5 Nxc5 19. b4 Nd3 20. Nd6 Nxc1 21. Nxe8 Ne2+ 22. Kf1 Rxe8 0-1

[Event "Early-Titled-Tuesday-Blitz-January-30-2024"]
[Site "Chess.com"]
[Date "2024.01.30"]
[Round "6"]
[White "lacafi"]
[Black "MusicCityMaster"]
[Result "1-0"]
[WhiteElo "2252"]
[BlackElo "2420"]
[TimeControl "180+1"]
[EndTime "9:05:34 PST"]
[Termination "lacafi won by resignation"]

1. d4 Nf6 2. Nf3 c5 3. e3 e6 4. Bd3 cxd4 5. exd4 d6 6. O-O Be7 7. Nbd2 O-O 8. c3 b6 9. Ne4 Nbd7 10.
Qe2 Bb7 11. Neg5 g6 12. Re1 Bd5 13. c4 Bb7 14. Bd2 Re8 15. Nxf7 Kxf7 16. Qxe6+ Kg7 17.
Ng5 Nf8 18. Qf7+ Kh8 19. d5 Rc8 20. Bc3 1-0

[Event "Early-Titled-Tuesday-Blitz-January-30-2024"]
[Site "Chess.com"]
[Date "2024.01.30"]
[Round "6"]
[White "Yeritsyaan"]
[Black "the_chess_child"]
[Result "0-1"]
[WhiteElo "2628"]
[BlackElo "2879"]
[TimeControl "180+1"]
[EndTime "9:05:41 PST"]
[Termination "the_chess_child won by resignation"]

1. c4 e5 2. Nc3 Nf6 3. d3 g6 4. e4 Bg7 5. Be3 O-O 6. g3 d6 7. Bg2 Ng4 8. Bd2 Nc6 9. h3 Nh6 10. g4 f5 11. gxf5 gxf5 12. Nf3 Nd4 13. Be3 c5 14.
Rg1 Kh8 15. Qd2 Nxf3+ 16. Bxf3 f4 17. O-O-O Qh4 18. Nd5 Ng8 19. Bg4 fxe3 20. fxe3 Bxg4 21. Rxg4 Qxh3 22. Rdg1 Rf1+ 23. Rxf1 Qxf1+ 24. Kc2 Rf8 25. Rg2 Nf6 26. Ne7 Nxe4 27. dxe4 Qxc4+ 0-1

[Event "Early-Titled-Tuesday-Blitz-January-30-2024"]
[Site "Chess.com"]
[Date "2024.01.30"]
[Round "6"]
[White "Hovik_Hayrapetyan"]
[Black "Practical-Play"]
[Result "1-0"]
[WhiteElo "2779"]
[BlackElo "2596"]
[TimeControl "180+1"]
[EndTime "9:05:42 PST"]
[Termination "Hovik_Hayrapetyan won by resignation"]

1. d4 Nf6 2. c4 d5 3. cxd5 Nxd5 4. e4 Nf6 5. Nc3 e5 6. Nf3 Bg4 7. dxe5 Qxd1+ 8. Kxd1 Nfd7 9. Bf4 Nc6 10. Bb5 O-O-O 11. Bxc6 Nxe5+ 12. Bd5 Nxf3 13. gxf3 Bxf3+ 14. Kc2 Bxh1 15. Rxh1 Bd6 16. Bxd6 Rxd6 17. e5 Rh6 18. Bxf7 c6 19.
e6 Rf6 20. Ne4 Rf4 21. Kd3 Kd8 22. Ke3 Rxf7 23. exf7 Ke7 24. Rd1 1-0

[Event "Early-Titled-Tuesday-Blitz-January-30-2024"]
[Site "Chess.com"]
[Date "2024.01.30"]
[Round "6"]
[White "nikitadovbnya2008"]
[Black "WindWhistler11"]
[Result "0-1"]
[WhiteElo "2189"]
[BlackElo "2465"]
[TimeControl "180+1"]
[EndTime "9:05:43 PST"]
[Termination "WindWhistler11 won by resignation"]

1. d4 Nf6 2. c4 e6 3. Nc3 c5 4.
d5 exd5 5. cxd5 Bd6 6. e4 O-O 7. Be2 Re8 8. Qc2 a6 9. f4 Qa5 10. e5 Nxd5 11. exd6 Nc6 12. Bd2 Nd4 13. Qd3 Nb4 14.
Qb1 Nbc2+ 15. Kd1 Qb6 16. Nd5 Qxd6 17. Nc3 b5 18. a3 Nxa1 19. Qxa1 Nb3 0-1

[Event "Early-Titled-Tuesday-Blitz-January-30-2024"]
[Site "Chess.com"]
[Date "2024.01.30"]
[Round "6"]
[White "jamengrand"]
[Black "Talent-OF-Slovenia"]
[Result "0-1"]
[WhiteElo "2251"]
[BlackElo "2473"]
[TimeControl "180+1"]
[EndTime "9:05:46 PST"]
[Termination "Talent-OF-Slovenia won by resignation"]

1. e4 c5 2. Nf3 e6 3. d4 cxd4 4. Bg5 Be7 5. Bxe7 Nxe7 6. Nxd4 O-O 7. Nc3 Nbc6 8. Qd2 a6 9. O-O-O b5 10. Nxc6 Nxc6 11.
a3 b4 12. axb4 Nxb4 13. Kb1 Bb7 14. f3 Qa5 15. Bc4 d5 16. exd5 exd5 17. Nxd5 Bxd5 18. Bxd5 Rad8 19. c4 Qa2+ 0-1

[Event "Early-Titled-Tuesday-Blitz-January-30-2024"]
[Site "Chess.com"]
[Date "2024.01.30"]
[Round "6"]
[White "GameOverBro"]
[Black "UK_23"]
[Result "1-0"]
[WhiteElo "2558"]
[BlackElo "2398"]
[TimeControl "180+1"]
[EndTime "9:05:52 PST"]
[Termination "GameOverBro won by checkmate"]

1. e4 e5 2. Nf3 Nc6 3. Bb5 a6 4.
Ba4 Nf6 5. d4 exd4 6. O-O Be7 7.
e5 Nd5 8. Nxd4 Nb6 9. Nf5 O-O 10. Qg4 g6 11. Bxc6 dxc6 12. Nxe7+ Qxe7 13. Qg3 Bf5 14. Nc3 Bxc2 15. Bg5 Qe6 16. Rfe1 Rfe8 17. h3 h5 18. Qh4 Nd5 19. Nxd5 Qxd5 20. Bf6 Re6 21. Qf4 Kh7 22. g4 Rg8 23. Re3 c5 24. Rc1 Qd2 25. Rce1 Qd4 26. Qg5 c4 27. Kh2 Rge8 28. gxh5 Qxb2 29.
hxg6+ Bxg6 30. Qh4+ Kg8 31. Qh8# 1-0

[Event "Early-Titled-Tuesday-Blitz-January-30-2024"]
[Site "Chess.com"]
[Date "2024.01.30"]
[Round "6"]
[White "Mackster23"]
[Black "Barmen_EV"]
[Result "0-1"]
[WhiteElo "2660"]
[BlackElo "2492"]
[TimeControl "180+1"]
[EndTime "9:06:01 PST"]
[Termination "Barmen_EV won by resignation"]

1. e4 c5 2. Nf3 Nc6 3. d4 cxd4 4. Nxd4 e5 5. Nb5 d6 6. N1c3 a6 7. Na3 Be6 8. Nc4 Rc8 9. Ne3 Nd4 10. Bd3 Nf6 11. O-O Be7 12. Ncd5 O-O 13. c3 Nc6 14. Qf3 Bxd5 15. exd5 e4 16. Bxe4 Ne5 17. Qf4 Nh5 18. Qf5 g6 19. Qh3 Nf4 20. Qxc8 Qxc8 21. Re1 Ned3 22. Bxd3 Nxd3 23. Re2 Nxc1 24. Rxc1 Bg5 25.
Rd1 Bxe3 26. Rxe3 Re8 27. Rde1 Rxe3 28. Rxe3 Qc5 29. g3 Qxd5 30. Re7 Qxa2 31. Rxb7 Qb1+ 0-1

[Event "Early-Titled-Tuesday-Blitz-January-30-2024"]
[Site "Chess.com"]
[Date "2024.01.30"]
[Round "6"]
[White "DavidGavrilescu18"]
[Black "kidagent"]
[Result "1-0"]
[WhiteElo "2789"]
[BlackElo "2335"]
[TimeControl "180+1"]
[EndTime "9:06:02 PST"]
[Termination "DavidGavrilescu18 won by resignation"]

1. e4 c6 2. d4 d5 3. Nc3 dxe4 4.
Nxe4 Bf5 5. Ng5 e6 6. N1f3 Be7 7. Bc4 h6 8. Nxf7 Kxf7 9. O-O Nd7 10. Re1 Ngf6 11. Nh4 Nd5 12. Nxf5 exf5 13. Qf3 Nf6 14. Qxf5 Qd7 15. Qf3 Rhe8 16. Bd2 Kg8 17. Bd3 Qg4 18. Qxg4 Nxg4 19. c4 Nb4 20. Bg6 Kf8 21. Rxe7 Rxe7 22. Bxb4 Rd8 23. Re1 Rd7 24. Bf5 Rxd4 25. Bxe7+ Kf7 26.
Bxg4 Rxg4 27. c5 Rb4 28. b3 a5 29. h3 a4 30. bxa4 Rxa4 31. Bd6 Rxa2 32. Re7+ Kf6 33. Rxb7 Ra1+ 34. Kh2 Rf1 35. f4 Ke6 36. Rxg7 1-0

[Event "Early-Titled-Tuesday-Blitz-January-30-2024"]
[Site "Chess.com"]
[Date "2024.01.30"]
[Round "6"]
[White "BestStelker"]
[Black "AttilaTurzo"]
[Result "1-0"]
[WhiteElo "2669"]
[BlackElo "2500"]
[TimeControl "180+1"]
[EndTime "9:06:06 PST"]
[Termination "BestStelker won by resignation"]

1. e4 c5 2. Nf3 Nc6 3. Bb5 g6 4. O-O Bg7 5. Re1 e5 6. Bxc6 dxc6 7. d3 Qe7 8. a4 Nf6 9. a5 Nd7 10. Na3 Nf8 11. Nc4 Bg4 12. h3 Bxf3 13. Qxf3 Ne6 14. Qd1 O-O 15. Be3 f5 16. exf5 gxf5 17. Bd2 Nd4 18. c3 Nb5 19. Nxe5 Bxe5 20. Bf4 Qd7 21. Rxe5 Rad8 22. Qh5 Qf7 23. Qf3 c4 24. dxc4 Qxc4 25. Qg3+ Kh8 26. Re7 1-0

[Event "Early-Titled-Tuesday-Blitz-January-30-2024"]
[Site "Chess.com"]
[Date "2024.01.30"]
[Round "6"]
[White "Korchmar_Vasiliy"]
[Black "Mourinho_Jose"]
[Result "1-0"]
[WhiteElo "2708"]
[BlackElo "2527"]
[TimeControl "180+1"]
[EndTime "9:06:09 PST"]
[Termination "Korchmar_Vasiliy won on time"]

1. e4 c5 2. d4 cxd4 3. Qxd4 Nc6 4. Qd3 Nf6 5. Nc3 d6 6. Nf3 g6 7. Be2 Bg7 8. O-O O-O 9. Nd5 Nxd5 10. exd5 Ne5 11.
Nxe5 Bxe5 12. c3 Bf5 13. Qb5 Qc7 14. Be3 a6 15. Qb3 b5 16. a4 bxa4 17. Rxa4 Rfb8 18.
Qa2 Bd7 19. Rxa6 Rxa6 20. Bxa6 Ra8 21. Qc4 Qa5 22. Bb7 Rb8 23. Bc6 Bc8 24. b4 Qa3 25. Bd4 Ba6 26. b5 Bxd4 27. bxa6 Ba7 28. h4 Rb2 29. h5 Kg7 30. Qh4 Re2 31. h6+ 1-0

[Event "Early-Titled-Tuesday-Blitz-January-30-2024"]
[Site "Chess.com"]
[Date "2024.01.30"]
[Round "6"]
[White "maurovargas01"]
[Black "Darkbluelord"]
[Result "0-1"]
[WhiteElo "1830"]
[BlackElo "2120"]
[TimeControl "180+1"]
[EndTime "9:06:12 PST"]
[Termination "Darkbluelord won by resignation"]

1. e4 c5 2. Nc3 d6 3. f4 Nc6 4.
Nf3 g6 5. Bb5 Bg7 6. Bxc6+ bxc6 7.
d3 Nf6 8. O-O Rb8 9. Bd2 Rxb2 10. Qc1 Rb8 11. e5 dxe5 12. fxe5 Ng4 13. Bf4 Nxe5 14.
Nxe5 Qd4+ 15. Qe3 Bxe5 16. Bxe5 Qxe3+ 17. Kh1 Qxe5 18. Ne4 O-O 19. Rae1 Rb2 20. Nd2 Qc3 21. Ne4 Qxc2 22. Rf2 Rb1 23. Rff1 Rxe1 24. Rxe1 Qxd3 25. Nxc5 Qc3 0-1

[Event "Early-Titled-Tuesday-Blitz-January-30-2024"]
[Site "Chess.com"]
[Date "2024.01.30"]
[Round "6"]
[White "Msb2"]
[Black "Baby_Legs"]
[Result "1-0"]
[WhiteElo "3007"]
[BlackElo "2643"]
[TimeControl "180+1"]
[EndTime "9:06:13 PST"]
[Termination "Msb2 won by resignation"]

1. d4 Nf6 2. c4 e6 3. Nc3 Bb4 4. e3 O-O 5. Bd2 d5 6. Nf3 a6 7. Rc1 dxc4 8. Bxc4 b6 9. a3 Bxc3 10. Bxc3 Ne4 11. Bb4 Re8 12. O-O a5 13. Be1 Ba6 14. Bxa6 Nxa6 15. Qc2 Qd5 16. Qc6 Rac8 17. Ne5 Nb8 18.
Qxd5 exd5 19. f3 Nd6 20. Rf2 f6 21. Nd3 Rxe3 22. Nf4 Kf7 23. Nxd5 Rd3 24. Bc3 Nc6 25.
Nf4 Re3 26. Bd2 1-0

[Event "Early-Titled-Tuesday-Blitz-January-30-2024"]
[Site "Chess.com"]
[Date "2024.01.30"]
[Round "6"]
[White "dennisodessa"]
[Black "eightbyeightchess"]
[Result "1-0"]
[WhiteElo "2610"]
[BlackElo "2426"]
[TimeControl "180+1"]
[EndTime "9:06:17 PST"]
[Termination "dennisodessa won on time"]

1. d4 d5 2. c4 c6 3. Nf3 Nf6 4. Nbd2 e6 5. e3 Bd6 6. b3 O-O 7. Bd3 Nbd7 8. Bb2 Qe7 9. Ne5 Bc7 10. f4 g6 11. O-O Ne8 12. Rf3 f6 13. Ng4 Qg7 14. Qe2 h5 15. Nf2 e5 16. fxe5 fxe5 17.
cxd5 cxd5 18. Rxf8+ Nxf8 19. dxe5 Bxe5 20. Bxe5 Qxe5 21. Rc1 Bf5 22. Nf3 Qf6 23. Rd1 Rc8 24.
Qd2 Bxd3 25. Qxd3 Rc5 26. e4 1-0

[Event "Early-Titled-Tuesday-Blitz-January-30-2024"]
[Site "Chess.com"]
[Date "2024.01.30"]
[Round "6"]
[White "sofaceindisguise"]
[Black "jefferyx"]
[Result "0-1"]
[WhiteElo "2782"]
[BlackElo "2984"]
[TimeControl "180+1"]
[EndTime "9:06:22 PST"]
[Termination "jefferyx won by checkmate"]

1. d4 Nf6 2. c4 c5 3. d5 b5 4. a4 bxc4 5. Nc3 d6 6. e4 g6 7.
Nf3 Bg7 8. Nd2 Na6 9. Bxc4 O-O 10. O-O Nb4 11. h3 e6 12. dxe6 Bxe6 13. Bxe6 fxe6 14.
e5 Nfd5 15. exd6 Qxd6 16. Nde4 Qc6 17. Qe2 c4 18. a5 Nd3 19. Be3 Rab8 20. Rfb1 a6 21.
g3 Rbd8 22. Rd1 Nxe3 23. Qxe3 Bd4 24. Qe2 Bxf2+ 25. Nxf2 Nxf2 26. Rxd8 Qh1# 0-1

[Event "Early-Titled-Tuesday-Blitz-January-30-2024"]
[Site "Chess.com"]
[Date "2024.01.30"]
[Round "6"]
[White "RichardLeyvaP"]
[Black "Nemegejas"]
[Result "0-1"]
[WhiteElo "2532"]
[BlackElo "2864"]
[TimeControl "180+1"]
[EndTime "9:06:24 PST"]
[Termination "Nemegejas won on time"]

1. e4 c6 2. d4 d5 3. e5 Bf5 4. Nf3 e6 5. Be2 h6 6. O-O Ne7 7. Nbd2 Nd7 8. Nb3 Bh7 9. c3 Nf5 10. Bd3 Bg6 11. Qe2 Rc8 12. Be3 Be7 13.
g4 Nh4 14. Nxh4 Bxd3 15. Qxd3 Bxh4 16. f4 O-O 17. f5 Bg5 18. Rae1 c5 19. Qd2 cxd4 20.
cxd4 Bh4 21. f6 Bxe1 22. Rxe1 gxf6 23. Bxh6 fxe5 24. dxe5 Qh4 25. Qf4 Qxe1+ 0-1

[Event "Early-Titled-Tuesday-Blitz-January-30-2024"]
[Site "Chess.com"]
[Date "2024.01.30"]
[Round "6"]
[White "ChessQueen"]
[Black "Djager97"]
[Result "1-0"]
[WhiteElo "2740"]
[BlackElo "2567"]
[TimeControl "180+1"]
[EndTime "9:06:24 PST"]
[Termination "ChessQueen won by resignation"]

1. d4 Nf6 2. c4 c5 3. Nf3 e6 4. e3 d5 5. Nc3 cxd4 6. exd4 Nc6 7. Bg5 Be7 8. Bd3 dxc4 9. Bxc4 O-O 10. O-O b6 11. Re1 Bb7 12. Rc1 Nb4 13. a3 Nbd5 14. Bd3 Rc8 15. Ne5 Nxc3 16. bxc3 h6 17. Bd2 Bxa3 18.
Ra1 Bb2 19. Rxa7 Qd5 20. f3 Bxc3 21. Bxc3 Rxc3 22. Be4 Nxe4 23. fxe4 Qxe4 24. Rxe4 Bxe4 25. Qe1 1-0

[Event "Early-Titled-Tuesday-Blitz-January-30-2024"]
[Site "Chess.com"]
[Date "2024.01.30"]
[Round "6"]
[White "ValentinDragnev"]
[Black "ProChessWICTH"]
[Result "1-0"]
[WhiteElo "2776"]
[BlackElo "2541"]
[TimeControl "180+1"]
[EndTime "9:06:27 PST"]
[Termination "ValentinDragnev won by resignation"]

1. e4 c5 2. Nf3 e6 3. d4 cxd4 4.
Nxd4 a6 5. g3 Nc6 6. Bg2 Nf6 7.
O-O Qc7 8. c4 Be7 9. Nc3 O-O 10.
Be3 Ne5 11. b3 d6 12. Rc1 Bd7 13. Kh1 Rad8 14. f4 Ng6 15. Qe2 Qb8 16. Bg1 Rc8 17. Nf3 Rfd8 18. e5 dxe5 19. Nxe5 Be8 20. Bb6 Rd6 21.
c5 Rxb6 22. cxb6 Nxe5 23. fxe5 Nd7 24. Qe4 Nc5 25. Qf3 Qxe5 26. Ne4 Bd7 27. Qxf7+ Kh8 28. Qxe7 Nxe4 1-0

[Event "Early-Titled-Tuesday-Blitz-January-30-2024"]
[Site "Chess.com"]
[Date "2024.01.30"]
[Round "6"]
[White "SabinaFoisor"]
[Black "Ural_bogatyr"]
[Result "0-1"]
[WhiteElo "2379"]
[BlackElo "2545"]
[TimeControl "180+1"]
[EndTime "9:06:27 PST"]
[Termination "Ural_bogatyr won by resignation"]

1. d4 Nf6 2. c4 e6 3. Nc3 d5 4. cxd5 exd5 5. Bg5 Be7 6. e3 O-O 7. Bd3 h6 8. Bh4 Bg4 9. Qc2 c5 10. Nge2 Nc6 11. a3 Qd7 12. dxc5 d4 13. exd4 Nxd4 14. Nxd4 Qxd4 15. O-O Qxc5 16. h3 Be6 17. Rac1 Rac8 18. Qe2 Qa5 19. Ne4 Qe5 20. Nxf6+ Bxf6 21. Bxf6 Qxf6 22. Qe4 g6 23. Qxb7 Rb8 24. Qxa7 Rxb2 25. Qe3 Rb3 26. Rfd1 Kg7 27. Qc5 Rd8 28. Be2 Ra8 29.
Qd4 Rbxa3 30. Qxf6+ Kxf6 31. Bf3 R8a5 32. h4 h5 33. g3 Rxf3 0-1

[Event "Early-Titled-Tuesday-Blitz-January-30-2024"]
[Site "Chess.com"]
[Date "2024.01.30"]
[Round "6"]
[White "hmatyi07"]
[Black "InitiatingASC"]
[Result "0-1"]
[WhiteElo "2209"]
[BlackElo "2416"]
[TimeControl "180+1"]
[EndTime "9:06:27 PST"]
[Termination "InitiatingASC won by resignation"]

1. e4 c5 2. Nf3 Nc6 3. d4 cxd4 4. Nxd4 Nf6 5. Nc3 e5 6. Ndb5 h6 7. g3 a6 8. Na3 Bxa3 9. bxa3 Qa5 10. Bd2 Qxa3 11. Bg2 O-O 12. O-O Nd4 13. f4 d6 14. f5 Bd7 15. Kh1 Rac8 16. Nd5 Nxd5 17. exd5 Bxf5 18. Rxf5 Nxf5 19. Bh3 Nxg3+ 20. hxg3 Qxg3 21.
Bxc8 Rxc8 22. Be1 Qh3+ 23. Kg1 Rc4 24. Kf2 Rf4+ 25. Ke2 Qf3+ 26. Kd2 Rd4+ 0-1

[Event "Early-Titled-Tuesday-Blitz-January-30-2024"]
[Site "Chess.com"]
[Date "2024.01.30"]
[Round "6"]
[White "mr65"]
[Black "gahryman"]
[Result "0-1"]
[WhiteElo "1933"]
[BlackElo "2656"]
[TimeControl "180+1"]
[EndTime "9:06:36 PST"]
[Termination "gahryman won by resignation"]

1. e4 c5 2. d4 cxd4 3. c3 dxc3 4. Nxc3 Nc6 5. Nf3 e6 6. Bc4 Bb4 7. O-O Nge7 8. Qe2 O-O 9. Rd1 Bxc3 10. bxc3 d5 11.
exd5 exd5 12. Bb3 Bg4 13. h3 Bh5 14. Qd3 h6 15. Ba3 Re8 16. Bxe7 Nxe7 17. Bxd5 Nxd5 18.
Qxd5 Qxd5 19. Rxd5 Bxf3 20. gxf3 Re7 21. Rad1 g6 22.
Rd7 Rae8 23. Rxe7 Rxe7 24. a4 Rc7 25. Rd3 b6 26. a5 bxa5 27. Rd5 Rxc3 28. Rxa5 Rc7 29.
Kg2 Kf8 30. f4 Ke7 31. f5 g5 32. Kg3 Kf6 33. Ra6+ Kxf5 34. Rxh6 f6 35. h4 a5 36. hxg5 Kxg5 37. Rh8 Ra7 38. f4+ Kf5 39. Rh5+ Kg6 40.
Kg4 a4 41. f5+ Kg7 42. Rh2 a3 43. Ra2 Ra4+ 44. Kf3 Kh6 45. Ke3 Kg5 46. Kd3 Kxf5 47. Kc3 Kg4 48. Kb3 Ra6 49. Rg2+ Kf3 50. Ra2 f5 0-1

[Event "Early-Titled-Tuesday-Blitz-January-30-2024"]
[Site "Chess.com"]
[Date "2024.01.30"]
[Round "6"]
[White "ljuks68"]
[Black "blitis"]
[Result "0-1"]
[WhiteElo "2425"]
[BlackElo "2606"]
[TimeControl "180+1"]
[EndTime "9:06:36 PST"]
[Termination "blitis won by resignation"]

1. e4 c5 2. Nf3 a6 3. c4 d6 4. d4 cxd4 5. Nxd4 Nf6 6. Nc3 e6 7. Bd3 b6 8. O-O Bb7 9. Qe2 Be7 10. Bd2 O-O 11. f4 Nbd7 12. Rae1 Qc7 13. Kh1 Rac8 14. b3 Qb8 15. e5 Ne8 16. Be4 dxe5 17. fxe5 Bxe4 18. Qxe4 Nc5 19. Qf3 Qb7 20. Qh5 Rd8 21. Be3 g6 22. Qh6 Nd3 23. Rf3 Nxe1 24. Rg3 Ng7 25. Bf2 Rxd4 0-1

[Event "Early-Titled-Tuesday-Blitz-January-30-2024"]
[Site "Chess.com"]
[Date "2024.01.30"]
[Round "6"]
[White "Binary010"]
[Black "AldokhinIvan"]
[Result "1-0"]
[WhiteElo "2915"]
[BlackElo "2646"]
[TimeControl "180+1"]
[EndTime "9:06:42 PST"]
[Termination "Binary010 won by resignation"]

1. e4 c5 2. Nf3 e6 3. d4 cxd4 4. Nxd4 a6 5. Bd3 Qc7 6. O-O Nf6 7. Qe2 d6 8. c4 Nbd7 9. Nc3 b6 10. f4 Bb7 11. Kh1 g6 12. f5 gxf5 13. exf5 e5 14.
Ne6 Qc6 15. Nd5 Rc8 16. Nb4 Qxg2+ 17. Qxg2 Bxg2+ 18. Kxg2 Rg8+ 19. Kh1 fxe6 20. fxe6 Nc5 21. Rxf6 a5 22. Bxh7 Rg7 23. Bh6 1-0

[Event "Early-Titled-Tuesday-Blitz-January-30-2024"]
[Site "Chess.com"]
[Date "2024.01.30"]
[Round "6"]
[White "diamonds13"]
[Black "C_K_G"]
[Result "1-0"]
[WhiteElo "2349"]
[BlackElo "2140"]
[TimeControl "180+1"]
[EndTime "9:06:42 PST"]
[Termination "diamonds13 won by checkmate"]

1. d4 d5 2. c4 e6 3. Nc3 Nf6 4. cxd5 exd5 5. Bg5 Be7 6. e3 a6 7. a4 O-O 8. Bd3 h6 9. Bf4 b6 10. Nf3 c5 11. h3 Bb7 12. Ne5 Nc6 13. Ne2 cxd4 14.
exd4 Bb4+ 15. Kf1 Ne4 16. f3 Nf6 17. Rc1 Rc8 18. Bf5 Rc7 19. Ng4 Bd6 20. Qd2 Bxf4 21. Qxf4 Nh5 22. Nxh6+ gxh6 23. Qxh6 Nf6 24. g4 Bc8 25. g5 Bxf5 26. gxf6 Qxf6 27. Qxf6 Be6 28. Rg1+ Kh7 29. Qg7# 1-0